Map: Last Fantasy LE

Players

ManlyManMeat - Winner!

  • Race: Zerg Zerg
  • League: Diamond
  • Spawn Location: 3:00

VOD

Have the link to the VOD?

Description

Time

  • Played on: June 23, 2025, 7:45 a.m.
  • Length: 7:33
Show
View Real Time Build Order
Export as new Build Order

ManlyManMeat Zerg - Winner!

Build Orders:  

Get SALT Encoding   

  12  0:00  Drone  
  13  0:12  Drone  
  14  0:23  Drone, Extractor  
  15  0:55  Overlord  
  15  1:03  Hatchery  
  14  1:12  Drone, Extractor  
  15  1:21  Drone  
  15  1:22  Drone  
  17  1:37  Drone  
  18  1:53  Spawning Pool  
  18  1:54  Extractor  
  16  2:00  Drone  
  16  2:01  Drone  
  18  2:12  Drone  
  19  2:31  Drone  
  20  2:44  Drone  
  20  2:45  Drone  
  22  2:59  Queen x2  
  26  3:01  Zergling x2  
  26  3:02  Zergling x2  
  28  3:15  Overlord  
  28  3:31  Overlord  
  28  3:42  Drone  
  28  3:43  Drone  
  30  3:56  Drone x2  
  32  4:03  Baneling Nest  
  32  4:08  Drone x2  
  33  4:12  Metabolic Boost  
  33  4:16  Drone  
  33  4:17  Drone  
  35  4:38  Zergling x6  
  35  4:39  Zergling x6  
  41  4:42  Overlord  
  41  4:47  Drone x2  
  43  5:02  Overlord  
  43  5:13  Zergling x4  
  43  5:17  Hatchery  
  43  5:34  Zergling x2  
  43  5:35  Zergling x10  
  43  5:36  Zergling x4  
  51  5:40  Baneling  
  50  5:51  Zergling x2  
  50  5:52  Zergling x2  
  47  6:03  Zergling x2  
  47  6:15  Zergling x2  
  48  6:21  Queen  
  48  6:22  Drone x2  
  51  6:38  Baneling  
  48  6:40  Baneling  
  48  6:46  Zergling x8  
  48  6:47  Zergling x6  
  55  7:07  Zergling x2  
  55  7:08  Zergling x4  
Tags
 
Add a new tag
Caveats
  • Supply blocks, unpowered buildings, or Contaminate may cause inaccurate times.
  • Supply counts are checked every 10 seconds.